 Dungeon Crawl Stone Soup version 0.29-a0-384-g6960b1960d (webtiles) character file.

Game seed: 10490726388924759411

125 zeratav the Skirmisher (level 5, 0/48 HPs)
             Began as a Hill Orc Fighter on May 6, 2022.
             Succumbed to a kobold's poison
             ... on level 3 of the Dungeon.
             The game lasted 00:03:28 (2487 turns).

zeratav the Skirmisher (Hill Orc Fighter)           Turns: 2487, Time: 00:03:29

Health: 0/48       AC:  6    Str: 21    XL:     5   Next: 9%
Magic:  5/5        EV:  9    Int:  8    God:
Gold:   83         SH:  4    Dex: 10    Spells: 4/4 levels left

rFire   . . .      SeeInvis .   a - +0 war axe {axe}
rCold   . . .      Faith    .   c - +0 buckler
rNeg    . . .      Spirit   .   b - +0 scale mail
rPois   .          Reflect  .   (no helmet)
rElec   .          Harm     .   (no cloak)
rCorr   .          Rampage  .   (no gloves)
Will    .....                   (no boots)
Stlth   ..........              (no amulet)
HPRegen 0.16/turn               (no ring)
MPRegen 0.09/turn               (no ring)

@: lethally poisoned (0 -> -10)
A: no striking features
a: no special abilities


You were on level 3 of the Dungeon.
You visited 1 branch of the dungeon, and saw 3 of its levels.

You collected 83 gold pieces.


   Skills:
 + Level 5.4 Fighting
 + Level 5.1 Axes
 - Level 3.2 Armour
 - Level 3.2 Shields


You had 4 spell levels left.
You didn't know any spells.
Your spell library contained the following spells:

 Spells                   Type           Power      Damage    Failure   Level
 Beastly Appendage        Tmut           0%         N/A       83%         1
 Wereblood                Tmut           0%         N/A       93%         2
 Spider Form              Tmut/Pois      0%         N/A       99%         3

Inventory:

Hand Weapons
 a - a +0 war axe (weapon) {axe}
Armour
 b - a +0 scale mail (worn)
 c - a +0 buckler (worn)
 k - a +0 robe
   (You found it on level 2 of the Dungeon)
 l - a +0 robe
   (You found it on level 2 of the Dungeon)
Scrolls
 f - 2 scrolls of poison {unknown}
 n - a scroll of enchant armour {unknown}
 o - a scroll of identify {unknown}
Potions
 d - a potion of might
 e - a potion of ambrosia {unknown}
 g - 3 potions of attraction {unknown}
 h - 2 potions of brilliance {unknown}
 i - 4 potions of haste {unknown}
 j - a potion of flight {unknown}
 m - 2 potions of heal wounds {unknown}

Dungeon Overview and Level Annotations

Branches:
Dungeon (3/15)

Altars:
Zin

... ... . ..#### #.
B.... ... ...## #.
.... o.. .....
.....##o###....##.
......)@).........
#######..#.......
#########..#.#...##.
....................
#######.####.#...#
................#
#..####.####.#..#
#.# #.#..# #
#.####.#..#


You could see 2 orcs and a giant cockroach.


Message History

You barely miss the orc. You hit the orc but do no damage.
The orc closely misses you. You block the orc's attack.
The kobold throws a stone.
The stone closely misses you.
You hit the orc.
You kill the orc!
You closely miss the orc. The orc completely misses you.
The kobold throws a stone.
You block the stone.
You completely miss the orc. You hit something.
The orc hits you with a +0 war axe. Something hits you but does no damage.
An orc comes into view. It is wielding a +0 club.
The orc throws a stone.
The stone hits you.
You slash the orc!
You kill the orc!
You hit something.
The orc hits you from afar with a +0 vampiric trident.
The kobold throws a stone.
The stone hits you but does no damage. Something hits you but does no damage.
Something hits you.
The orc throws a stone.
The stone hits you but does no damage.
You are too injured to fight recklessly!
You are too injured to fight recklessly!
You are too injured to fight recklessly!
You are too injured to fight recklessly!
You are too injured to fight recklessly!
You are too injured to fight recklessly!
HP[-12]
You take 12 damage, and now have 30/42 hp.
MASSIVE DAMAGE!! (PAUSE)
You are too injured to fight recklessly!
You are too injured to fight recklessly!
You are too injured to fight recklessly!
You are too injured to fight recklessly!
You are too injured to fight recklessly!
You are too injured to fight recklessly!
You are too injured to fight recklessly!
You are too injured to fight recklessly!
You are too injured to fight recklessly!
You are too injured to fight recklessly!
You are too injured to fight recklessly!
You are too injured to fight recklessly!
You are too injured to fight recklessly!
You are too injured to fight recklessly!
You are too injured to fight recklessly!
You are too injured to fight recklessly!
You are too injured to fight recklessly!
There are monsters nearby!
You are too injured to fight recklessly!
You are too injured to fight recklessly!
You closely miss something. The orc hits you but does no damage.
Something hits you but does no damage.
You closely miss something.
The orc hits you from afar with a +0 vampiric trident.
Something hits you but does no damage.
HP[-3]
You take 3 damage, and now have 27/42 hp.
You closely miss something. You completely miss the kobold.
The orc hits you but does no damage. The kobold hits you but does no damage.
You are poisoned.
The orc throws a stone.
The stone hits you but does no damage.
The kobold hits you with a +2 dagger of venom.
Something hits you but does no damage.
HP[-2]
You take 2 damage, and now have 25/42 hp.
You barely miss the orc. You closely miss something.
You barely miss the kobold.
You feel very sick.
A giant cockroach comes into view.
The orc hits you from afar with a +0 vampiric trident.
* * * LOW HITPOINT WARNING * * *
Something hits you.
* * * LOW HITPOINT WARNING * * *
The orc hits you with a +0 club.
* * * LOW HITPOINT WARNING * * *
The kobold hits you but does no damage.
You are lethally poisoned!
HP[-14]
You take 14 damage, and now have 11/42 hp.
MASSIVE DAMAGE!! (PAUSE)
You barely miss the orc. You slash something!
Reactivating autopickup.
You feel a bit more experienced.
You hit the kobold but do no damage.
* * * LOW HITPOINT WARNING * * *
You feel very sick.
The orc hits you from afar with a +0 vampiric trident.
* * * LOW HITPOINT WARNING * * *
The orc closely misses you. The kobold completely misses you.
Your Axes skill increases to level 5!
You have reached level 5!
You feel stronger.
HP[-5] MP[+1]
You now have 48 max hp (+6).
Your mp is fully restored (5).
You slash the kobold!
You kill the kobold!
You hit the orc.
* * * LOW HITPOINT WARNING * * *
You feel very sick. The orc barely misses you. You block the orc's attack.
HP[-3]
You take 3 damage, and now have 3/48 hp.
You hit the orc but do no damage.
You die...

Skill      XL: |  1  2  3  4 |
---------------+-------------+-----
Axes           | 3 4 5 |  5.1
Fighting       | 4 5 |  5.4
Armour         | |  3.2
Shields        | |  3.2

Action                   |  1- 3 |  4- 6 || total
-------------------------+-------+-------++-------
Melee: War axe           |    67 |    65 ||   132
Armor: Scale mail        |    42 |    25 ||    67
Dodge: Dodged            |    38 |    33 ||    71
Block: Buckler           |    17 |    16 ||    33

Levels and vault maps discovered:
D:1:      dpeg_arrival_simpleton_a, layout_basic,
          nicolae_ecumenical_lake_church, lemuel_another_geyser
D:2:      layout_rooms, basic_altar, minmay_pentomino_z4
D:3:      minmay_roachtagon, layout_basic, uniq_robin

Notes
Turn   | Place    | Note
-------+----------+-------------------------------------------
     0 | D:1      | zeratav the Hill Orc Fighter began the quest for the Orb.
     0 | D:1      | Reached XP level 1. HP: 19/19 MP: 1/1
     0 | D:1      | magus.rc [v1.9.6]
   317 | D:1      | Reached skill level 3 in Axes
   439 | D:1      | Reached skill level 4 in Fighting
   439 | D:1      | Reached XP level 2. HP: 27/27 MP: 2/2
   622 | D:1      | Found a faded altar of an unknown god.
  1179 | D:2      | Reached XP level 3. HP: 31/34 MP: 3/3
  1378 | D:2      | Reached skill level 4 in Axes
  1381 | D:2      | Reached XP level 4. HP: 13/41 MP: 4/4
  1670 | D:2      | Reached skill level 5 in Fighting
  2081 | D:2      | Found a glowing silver altar of Zin.
  2402 | D:3      | You pick up a book of Changes and begin reading...
  2402 | D:3      | You add the spells Beastly Appendage, Wereblood and Spider
                  | Form to your library.
  2485 | D:3      | HP: 7/42 [poisoned by a kobold]
  2486 | D:3      | Reached skill level 5 in Axes
  2486 | D:3      | Reached XP level 5. HP: 6/48 MP: 5/5
  2486 | D:3      | HP: 3/48 [poisoned by a kobold]
  2487 | D:3      | Succumbed to a kobold's poison

Vanquished Creatures
  An orc wizard (D:3)
  4 adders (D:2)
  4 worms (D:2)
  2 dart slugs (D:2)
  2 orcs (D:3)
  3 ball pythons
  4 endoplasms
  2 giant cockroaches (D:1)
  5 goblins
  6 hobgoblins
  5 kobolds
  A quokka (D:2)
  2 bats (D:2)
  2 frilled lizards (D:1)
  4 rats
47 creatures vanquished.

Table legend:
 A = Non-vault XP
 B = Vault XP
 C = Vault XP percentage of total XP
 D = Non-vault monster count
 E = Vault monster count
 F = Vault count percentage of total count
                 A         B        C        D         E       F
            +---------+---------+-------+---------+---------+-------
      Total |     148 |      31 |  17.3 |      44 |       3 |   6.4
            +---------+---------+-------+---------+---------+-------
        D:1 |      26 |       0 |   0.0 |      15 |       0 |   0.0
        D:2 |      76 |      31 |  29.0 |      23 |       3 |  11.5
        D:3 |      46 |       0 |   0.0 |       6 |       0 |   0.0
            +---------+---------+-------+---------+---------+-------

Illustrated notes

Table legend:
 A = Kills in this place as a percentage of kills in entire the game.
 B = Kills by you in this place as a percentage of kills by you in the entire game.
 C = Kills by friends in this place as a percentage of kills by friends in the entire game.
 D = Other kills in this place as a percentage of other kills in the entire game.
 E = Experience gained in this place as a percentage of experience gained in the entire game.
 F = Experience gained in this place divided by the number of levels of this place that you have seen.
                   A       B       C       D       E      F
               +-------+-------+-------+-------+-------+----------------------
         Total | 100.0 | 100.0 |   N/A |   N/A | 100.0 |  59.7
       Dungeon | 100.0 | 100.0 |   N/A |   N/A | 100.0 |  59.7
               +-------+-------+-------+-------+-------+----------------------

Table legend: (Time is in decaauts)
 A = Elapsed time spent in this place.
 B = Non-inter-level travel time spent in this place.
 C = Inter-level travel time spent in this place.
 D = Time resting spent in this place.
 E = Time spent auto-exploring this place.
 F = Levels seen in this place.
 G = Mean time per level.
                   A        B        C        D        E       F      G
               +--------+--------+--------+--------+--------+-----+--------+
         Total |   2534 |   2475 |     59 |    507 |   1632 |   3 |  844.7 |
       Dungeon |   2534 |   2475 |     59 |    507 |   1632 |   3 |  844.7 |
               +--------+--------+--------+--------+--------+-----+--------+

Top non-repeatable levels by time:
     D:1: 1187 daAuts
     D:2: 1141 daAuts
     D:3: 204 daAuts
